 Dungeon Crawl Stone Soup version 0.28-a0-1450-gb131497 (webtiles) character file.

Game seed: 12082583458298313948

61 Dorkslayer the Skirmisher (level 4, -1/41 HPs)
             Began as a Hill Orc Fighter on Jan 10, 2022.
             Slain by a gnoll (3 damage)
             ... on level 2 of the Dungeon.
             The game lasted 00:02:16 (956 turns).

Dorkslayer the Skirmisher (Hill Orc Fighter)         Turns: 956, Time: 00:02:16

Health: -1/41      AC:  7    Str: 26    XL:     4   Next: 7%
Magic:  4/4        EV:  9    Int:  8    God:
Gold:   13         SH:  4    Dex: 10    Spells: 3/3 levels left

rFire   . . .      SeeInvis .   a - +0 war axe
rCold   . . .      Faith    .   c - +0 buckler
rNeg    . . .      Spirit   .   b - +0 scale mail
rPois   .          Reflect  .   (no helmet)
rElec   .          Harm     .   (no cloak)
rCorr   .          Rampage  .   (no gloves)
Will    .....                   (no boots)
Stlth   ..........              (no amulet)
HPRegen 0.13/turn               k - +6 ring of strength
MPRegen 0.09/turn               (no ring)

@: no status effects
A: no striking features
a: no special abilities


You were on level 2 of the Dungeon.
You visited 1 branch of the dungeon, and saw 2 of its levels.

You collected 13 gold pieces.

Inventory:

Hand Weapons
 a - a +0 war axe (weapon)
Missiles
 l - a poisoned dart (quivered)
Armour
 b - a +0 scale mail (worn)
 c - a +0 buckler (worn)
Jewellery
 k - a +6 ring of strength (left hand)
Scrolls
 g - a scroll of noise {unknown}
 h - a scroll of silence {unknown}
 i - a scroll of identify {unknown}
 j - a scroll of magic mapping {unknown}
Potions
 d - a potion of might
 e - a potion of mutation {unknown}
 f - a potion of cancellation {unknown}


   Skills:
 + Level 4.3 Fighting
 + Level 3.7 Axes
 + Level 3.8 Armour
 + Level 0.3 Dodging
 + Level 3.6 Shields


You had 3 spell levels left.
You didn't know any spells.
Your spell library was empty.

Dungeon Overview and Level Annotations

Branches:
Dungeon (2/15)

Altars:


Message History

You barely miss the gnoll.
The gnoll is lightly wounded.
The gnoll barely misses you.
You hit the gnoll but do no damage.
The gnoll is lightly wounded.
The gnoll hits you with a +0 whip of freezing!
* * * LOW HITPOINT WARNING * * *
The gnoll freezes you.
* * * LOW HITPOINT WARNING * * *
The gnoll hits you but does no damage.
Okay, then.
You hit the gnoll but do no damage.
The gnoll is lightly wounded.
You block the gnoll's attack.
You slash the gnoll!
You kill the gnoll!
You have reached level 4!
A gnoll comes into view. It is wielding a +0 flail.
Things that are here:
a +0 whip of freezing; a gnoll corpse You see here a +0 spear.
You start resting.
A gnoll is nearby!
Throw: 3 darts (poison)
Press: ? - help, Q - select action Shift-Dir - straight line, f - gnoll
Aim: a gnoll, wielding a +0 flail (61% to hit)
You throw a poisoned dart.
The poisoned dart barely misses the gnoll.
Throw: 2 darts (poison)
Press: ? - help, Q - select action Shift-Dir - straight line, f/p - gnoll
Aim: a gnoll, wielding a +0 flail (61% to hit)
You throw a poisoned dart.
The poisoned dart barely misses the gnoll.
You barely miss the gnoll. The gnoll hits you with a +0 flail.
* * * LOW HITPOINT WARNING * * *
You hit the gnoll but do no damage. The gnoll barely misses you.
You closely miss the gnoll. The gnoll hits you with a +0 flail.
* * * LOW HITPOINT WARNING * * *
The gnoll hits you with a +0 flail.
You die...

#.# #.#
#.# #.#
#.# #.#
#.# #.#
#@# #g#
#.# #.#
.......
#.#


PP.PP.. #.# P...PP. #.# P...... #(# .P.P.P. #.# You could see a gnoll.

Vanquished Creatures
  2 gnolls (D:2)
  2 dart slugs (D:1)
  3 ball pythons (D:1)
  4 endoplasms (D:1)
  A giant cockroach (D:1)
  A goblin (D:1)
  5 hobgoblins (D:1)
  4 quokkas (D:1)
  4 bats (D:1)
  2 frilled lizards (D:1)
  2 kobolds (D:1)
  7 rats (D:1)
37 creatures vanquished.

Notes
Turn   | Place    | Note
-------+----------+-------------------------------------------
     0 | D:1      | Dorkslayer the Hill Orc Fighter began the quest for the
                  | Orb.
     0 | D:1      | Reached XP level 1. HP: 19/19 MP: 1/1
    61 | D:1      | Found a faded altar of an unknown god.
   109 | D:1      | Reached XP level 2. HP: 27/27 MP: 2/2
   172 | D:1      | Reached skill level 4 in Fighting
   182 | D:1      | Reached XP level 3. HP: 12/33 MP: 3/3
   937 | D:2      | Reached XP level 4. HP: 5/41 MP: 4/4
   956 | D:2      | HP: 2/41 [gnoll (4)]
   956 | D:2      | Slain by a gnoll

Illustrated notes

Levels and vault maps discovered:
D:1:      dpeg_arrival_round_a, layout_basic,
          hellmonk_ecumenical_altar_heavens_door
D:2:      wad_pebble_path, layout_basic, minmay_misc_feat_encased,
          nicolae_grassy_gnolls

Skill      XL: |  1  2 |
---------------+-------+-----
Fighting       | 4 |  4.3
Axes           | 3 |  3.7
Armour         | |  3.8
Dodging        | |  0.3
Shields        | |  3.6

Action                   |  1- 3 |  4- 6 || total
-------------------------+-------+-------++-------
Melee: War axe           |    80 |     3 ||    83
Throw: Dart              |       |     2 ||     2
Armor: Scale mail        |    46 |       ||    46
Dodge: Dodged            |    63 |     1 ||    64
Block: Buckler           |    31 |       ||    31

Table legend: (Time is in decaauts)
 A = Elapsed time spent in this place.
 B = Non-inter-level travel time spent in this place.
 C = Inter-level travel time spent in this place.
 D = Time resting spent in this place.
 E = Time spent auto-exploring this place.
 F = Levels seen in this place.
 G = Mean time per level.
                   A        B        C        D        E       F      G
               +--------+--------+--------+--------+--------+-----+--------+
         Total |    987 |    987 |      0 |    144 |    307 |   2 |  493.5 |
       Dungeon |    987 |    987 |      0 |    144 |    307 |   2 |  493.5 |
               +--------+--------+--------+--------+--------+-----+--------+

Top non-repeatable levels by time:
     D:1: 770 daAuts
     D:2: 216 daAuts
